 Dungeon Crawl Stone Soup version 0.21-a0-402-gcbae7d1 (webtiles) character file.

1248 SCCSCCS the Sneak (level 8, -2/43 HPs)
             Began as a Vine Stalker Assassin on Oct 26, 2017.
             Slain by Sigmund
             ... wielding a +0 scythe
              (4 damage)
             ... on level 5 of the Dungeon.
             The game lasted 00:10:53 (3937 turns).

SCCSCCS the Sneak (Vine Stalker Assassin)           Turns: 3937, Time: 00:10:53

Health: -2/43      AC:  7    Str: 14    XL:     8   Next: 50%
Magic:  0/9        EV: 14    Int: 11    God:
Gold:   139        SH:  0    Dex: 18    Spells: 7/7 levels left

rFire    . . .     SeeInvis .   v - +0 whip (freeze)
rCold    . . .     Gourm    .   (no shield)
rNeg     . . .     Faith    .   o - +2 leather armour
rPois    .         Spirit   +   (no helmet)
rElec    .         Reflect  .   d - +0 cloak
rCorr    .         Harm     .   (no gloves)
MR       +....                  r - +0 pair of boots
Stlth    +++.......             (no amulet)
HPRegen  0.54/turn              (no ring)
MPRegen  0.11/turn              (no ring)

@: no status effects
A: fangs 3, regeneration 1, magic shield, antimagic bite, no potion heal 3, rot
immunity
a: no special abilities


You were on level 5 of the Dungeon.
You were not hungry.

You visited 1 branch of the dungeon, and saw 5 of its levels.

You collected 139 gold pieces.

Inventory:

Hand Weapons
 a - a +3 dagger
 b - a +0 blowgun
 v - a +0 whip of freezing (weapon)
Missiles
 e - 16 poisoned needles
 f - 2 curare-tipped needles
Armour
 c - a +0 robe
 d - a +0 cloak (worn)
 o - a +2 leather armour (worn)
 r - a +0 pair of boots (worn)
Jewellery
 t - an uncursed ring of protection from fire
Wands
 h - a wand of paralysis (13/24)
 y - a wand of confusion (10/48)
Scrolls
 j - 4 scrolls of teleportation
 k - a scroll of vulnerability {unknown}
 q - a scroll of remove curse
 w - a scroll of identify
Potions
 i - a potion of lignification {unknown}
 m - 3 potions of brilliance {unknown}
 n - 2 potions of agility {unknown}
 p - a potion of resistance {unknown}
 s - 2 potions of degeneration {unknown}
 u - a potion of flight {unknown}
Comestibles
 g - 4 bread rations
 l - 2 meat rations


   Skills:
 * Level 5.1 Fighting
 - Level 4.3 Short Blades
 * Level 2.3 Maces & Flails
 - Level 1.7 Throwing
 * Level 4.4 Dodging
 + Level 6.9 Stealth


You had 7 spell levels left.
You didn't know any spells.

Dungeon Overview and Level Annotations

Branches:
Dungeon (5/15)
 Temple: D:4-7

Altars:
Okawaru

Annotations:
D:5 Sigmund


Innate Abilities, Weirdness & Mutations

You have razor-sharp teeth.
Your natural rate of healing is unusually fast.
When hurt, damage is shared between your health and your magic reserves.
Your bite disrupts and absorbs the magic of your enemies.
Potions cannot restore your health.
You are immune to rotting.


Message History

You miss something. You bite something. You drain its magic.
You feel invigorated. Something hits you.
You closely miss something. You bite something. You drain its magic.
You feel invigorated.
You hit something. You freeze something. You bite something.
You drain its magic.
You feel invigorated. Something hits you but does no damage.
Something barely misses you.
You hear the slow hiss of a distant avalanche of sand.
Something hits you!
You hit something. You freeze something. Something hits you!
You barely miss something. Your bite misses something. You hit something.
You freeze something. You bite something. You drain its magic.
You feel invigorated. Something hits you!
* * * LOW HITPOINT WARNING * * *
Something hits you but does no damage.
You barely miss something. Your bite misses something. Something hits you!
* * * LOW HITPOINT WARNING * * *
Something hits you.
You die...

### # #.. #.#### #.#
#....#### #.# #{.@.# #.#
#...†##.## #.#
#######.#.############.#
..≈g≈...............##.#
8.≈≈≈.......#######.##.#
_8..........# #.....
8.≈≈≈......## ####..
..≈g≈.....## ###
########.###############


There were no monsters in sight!

Vanquished Creatures
  Pikel (D:4)
  A sky beast (D:5)
  2 phantoms
  An ogre (D:4)
  A centaur (D:3)
  Blork the orc (D:4)
  A howler monkey (D:5)
  A hound (D:4)
  A bullfrog skeleton (D:5)
  An iguana (D:4)
  A hound zombie (D:5)
  Robin (D:2)
  5 adders
  2 oozes
  An adder skeleton (D:4)
  4 worms
  4 dart slugs
  7 leopard geckos
  7 orcs
  2 giant cockroaches
  14 goblins
  8 hobgoblins
  3 jackals (D:1)
  9 kobolds
  6 quokkas
  7 bats
  3 frilled lizards (D:1)
  2 quokka skeletons
  2 rats
99 creatures vanquished.

Vanquished Creatures (others)
  A slave (D:4)
1 creature vanquished.

Grand Total: 100 creatures vanquished

Notes
Turn   | Place    | Note
-------+----------+-------------------------------------------
     0 | D:1      | SCCSCCS the Vine Stalker Assassin began the quest for the Orb.
     0 | D:1      | Reached XP level 1. HP: 11/11 MP: 2/2
    16 | D:1      | Reached skill level 1 in Dodging
    21 | D:1      | Reached XP level 2. HP: 4/15 MP: 1/3
   263 | D:1      | Reached skill level 5 in Stealth
   399 | D:1      | Reached XP level 3. HP: 18/18 MP: 4/4
  1089 | D:2      | Gained mutation: Your natural rate of healing is unusually fast. [Vine Stalker growth]
  1089 | D:2      | Reached XP level 4. HP: 14/23 MP: 5/5
  1198 | D:2      | Noticed Robin
  1234 | D:2      | Killed Robin
  2035 | D:3      | Reached XP level 5. HP: 28/28 MP: 6/6
  2172 | D:3      | Noticed a centaur
  2189 | D:3      | Killed a centaur
  2326 | D:3      | Reached XP level 6. HP: 24/32 MP: 7/7
  2558 | D:4      | Noticed Pikel
  2558 | D:4      | Noticed a slave
  2558 | D:4      | Noticed a slave
  2558 | D:4      | Noticed a slave
  2561 | D:4      | Noticed a slave
  2603 | D:4      | Killed Pikel
  2603 | D:4      | Reached skill level 6 in Stealth
  2603 | D:4      | Reached XP level 7. HP: 10/38 MP: 8/8
  2706 | D:4      | Noticed Blork the orc
  2724 | D:4      | Killed Blork the orc
  3109 | D:4      | Reached skill level 1 in Maces & Flails
  3109 | D:4      | Gained mutation: You have razor-sharp teeth. [Vine Stalker growth]
  3109 | D:4      | Reached XP level 8. HP: 42/42 MP: 9/9
  3726 | D:5      | Entered Level 5 of the Dungeon
  3869 | D:5      | Reached skill level 5 in Fighting
  3896 | D:5      | Found an iron altar of Okawaru.
  3908 | D:5      | Noticed Sigmund
  3936 | D:5      | HP: 1/43 [something (9)]
  3937 | D:5      | Slain by Sigmund

Vault maps used:
D:1:      minmay_arrival_stair_chambers
D:2:      wad_lake_hut, serial_bayou_pond_a, uniq_robin
D:3:      first_bread
D:4:      kennysheep_generic_room_12, uniq_pikel, uniq_blork_the_orc
D:5:      chequers_ossuary_entry_cave, kennysheep_okawaru_gauntlet,
          uniq_crazy_yiuf_cottage, uniq_sigmund

Skill      XL: |  1  2  3  4  5  6  7  8 |
---------------+-------------------------+-----
Dodging        | 1 2 3 4 |  4.4
Fighting       | 2 3 4 5 |  5.1
Short Blades   | 2 3 4 |  4.3
Stealth        | 5 6 |  6.9
Maces & Flails | 1 2 |  2.3
Throwing       | |  1.7

Action                   |  1- 3 |  4- 6 |  7- 9 || total
-------------------------+-------+-------+-------++-------
Melee: Dagger            |   112 |   193 |       ||   305
       Bite              |    27 |    66 |    37 ||   130
       Whip              |       |       |   122 ||   122
  Use: Scroll            |     2 |     4 |     2 ||     8
 Stab: Sleeping          |     4 |     4 |     5 ||    13
       Distracted        |       |     1 |       ||     1
  Eat: Chunk             |       |     5 |     2 ||     7
       Fruit             |       |     1 |     1 ||     2
       Bread ration      |       |       |     1 ||     1
Armor: Robe              |     8 |       |       ||     8
       Leather armour    |    37 |    43 |    30 ||   110
Dodge: Dodged            |    98 |    92 |    57 ||   247

Table legend:
 A = Spawn XP
 B = Non-spawn XP
 C = Spawn XP percentage of total XP
 D = Spawn monster count
 E = Non-spawn monster count
 F = Spawn count percentage of total count
 G = Total turns spent on level
                    A         B        C        D         E        F      G
               +---------+---------+-------+---------+---------+-------+---------
         Total |       0 |    1783 |   0.0 |       0 |      99 |   0.0 |  3937
               +---------+---------+-------+---------+---------+-------+---------
           D:1 |       0 |      53 |   0.0 |       0 |      28 |   0.0 |   866
           D:2 |       0 |      78 |   0.0 |       0 |      21 |   0.0 |  1052
           D:3 |       0 |     208 |   0.0 |       0 |      24 |   0.0 |   547
           D:4 |       0 |    1066 |   0.0 |       0 |      18 |   0.0 |  1261
           D:5 |       0 |     378 |   0.0 |       0 |       8 |   0.0 |   211
               +---------+---------+-------+---------+---------+-------+---------
